 Dungeon Crawl Stone Soup version 0.29.1-1-gd02db6906a (webtiles) character file.

Game seed: 14314085467192011166

526 Tiocfaidh the Slasher (level 7, 0/51 (56) HPs)
             Began as a Barachi Berserker on Oct 21, 2022.
             Was an Elder of Trog.
             Succumbed to an adder's poison
             ... while paralysed by Grinder
             ... on level 4 of the Dungeon on Oct 22, 2022.
             The game lasted 00:22:16 (4676 turns).

Tiocfaidh the Slasher (Barachi Berserker)           Turns: 4676, Time: 00:22:17

HP:   0/51 (56)     AC:  3    Str: 24    XL:     7   Next: 23%
MP:   7/7           EV:  2    Int:  7    God:    Trog [****..]
Gold: 170           SH:  0    Dex: 14    Spells: 6/6 levels left

rFire   . . .      SeeInvis .   j - +4 scythe (chaos)
rCold   . . .      Faith    .   (shield currently unavailable)
rNeg    . . .      Spirit   .   b - +0 animal skin
rPois   .          Reflect  .   (no helmet)
rElec   .          Harm     .   f - +0 cloak
rCorr   .          Rampage  .   (no gloves)
Will    .....                   (no boots)
Stlth   ++........              (no amulet)
HPRegen 0.17/turn               h - +6 ring of strength
MPRegen 0.10/turn               (no ring)

@: paralysed, lethally poisoned (0 -> -6), drained, slow
A: amphibious, slowness 1, strong legs 1, +LOS
a: Hop, Renounce Religion, Berserk, Trog's Hand, Brothers in Arms


You were on level 4 of the Dungeon.
You worshipped Trog.
Trog was greatly pleased with you.
You visited 1 branch of the dungeon, and saw 4 of its levels.
You also visited: Sewer.

You collected 170 gold pieces.

Inventory:

Hand Weapons
 j - a +4 scythe of chaos (weapon)
Armour
 b - a +0 animal skin (worn)
 f - a +0 cloak (worn)
Jewellery
 h - a +6 ring of strength (left hand)
Wands
 n - a wand of quicksilver (4)
Scrolls
 a - a scroll of fog
 c - a scroll of identify
Potions
 e - a potion of invisibility {unknown}
 g - a potion of berserk rage {unknown}
 i - 2 potions of brilliance
 k - 2 potions of lignification {unknown}
 l - a potion of mutation {unknown}
 m - 3 potions of heal wounds {unknown}
 p - 4 potions of might {unknown}
 q - a potion of magic {unknown}
 r - a potion of haste {unknown}


   Skills:
 + Level 5.5 Fighting
 + Level 6.1 Long Blades
 + Level 3.1 Polearms
 + Level 2.5 Armour
 + Level 3.9 Dodging
 + Level 1.5 Stealth


You had 6 spell levels left.
You didn't know any spells.
Your spell library was empty.

Dungeon Overview and Level Annotations

Branches:
Dungeon (4/15)              Sewer (visited)
 Temple: D:4-7

Altars:
Ashenzari

Shops:
D:1 [

Annotations:
D:4 Grinder


Innate Abilities, Weirdness & Mutations

You are amphibious.
You cover ground slowly.
You can hop short distances.
You have an extended range of vision and can be seen from far away.


Message History

Deactivating autopickup; reactivate with Ctrl-A.
The giant cockroach completely misses you.
The giant cockroach attacks as you move away!
The giant cockroach closely misses you. The giant cockroach barely misses you.
The adder attacks as you move away! The adder bites you.
* * * LOW HITPOINT WARNING * * *
You are poisoned.
The adder poisons you!
You feel sick.
You feel sick.
The giant cockroach bites you but does no damage.
The giant cockroach attacks as you move away!
The giant cockroach closely misses you.
You feel sick.
You feel sick.
The giant cockroach bites you but does no damage.
The giant cockroach attacks as you move away!
The giant cockroach bites you but does no damage.
You feel sick.
You are no longer poisoned.
The giant cockroach attacks as you move away!
The giant cockroach closely misses you. The giant cockroach barely misses you.
The giant cockroach bites you but does no damage.
The giant cockroach bites you but does no damage.
The giant cockroach attacks as you move away!
The giant cockroach closely misses you. The giant cockroach bites you.
* * * LOW HITPOINT WARNING * * *
Grinder comes into view.
The giant cockroach waves its antennae.
The adder misses you. The giant cockroach barely misses you.
You hit the giant cockroach. You burn the giant cockroach.
You kill the giant cockroach!
Trog accepts your kill. The adder closely misses you. Grinder gestures at you.
You suddenly lose the ability to move!
The adder bites you.
* * * LOW HITPOINT WARNING * * *
The orc hits you but does no damage. The adder bites you.
* * * LOW HITPOINT WARNING * * *
You are lethally poisoned!
The adder poisons you!
You die...

#o# . #.#
. #.# #.#
##o#
#.####..#
#......o#
######†S#
#.@# #..#
#..# #..#
#..# #.5#
#..# #...
#.##


You could see Grinder, an adder and 3 orcs.

Vanquished Creatures
  Sigmund (D:2)
  A kobold brigand (Sewer)
  A hound (D:4)
  Terence (D:2)
  Ijyb (D:3)
  3 gnolls (D:2)
  3 adders
  5 river rats
  2 worms
  4 dart slugs
  An orc (D:4)
  12 ball pythons
  5 bats (D:1)
  6 endoplasms
  3 giant cockroaches
  7 goblins
  4 hobgoblins
  6 jackals
  2 quokkas
  4 frilled lizards
  21 kobolds
  30 rats
123 creatures vanquished.

Notes
Turn   | Place    | Note
-------+----------+-------------------------------------------
     0 | D:1      | Tiocfaidh the Barachi Berserker began the quest for the
                  | Orb.
     0 | D:1      | Reached XP level 1. HP: 18/18 MP: 1/1
   116 | D:1      | Reached XP level 2. HP: 16/25 MP: 2/2
   192 | D:1      | Reached skill level 4 in Long Blades
   211 | D:1      | Found a faded altar of an unknown god.
   473 | D:1      | Found Wenuwn's Antique Armour Shoppe.
   652 | D:1      | Reached XP level 3. HP: 12/31 MP: 3/3
  1765 | D:2      | Reached ** piety under Trog
  1904 | D:2      | Noticed Sigmund
  2076 | D:2      | Killed Sigmund
  2077 | D:2      | Reached skill level 5 in Fighting
  2077 | D:2      | Reached skill level 5 in Long Blades
  2077 | D:2      | Reached XP level 4. HP: 12/39 MP: 4/4
  2077 | D:2      | Reached XP level 5. HP: 14/44 MP: 5/5
  2593 | D:2      | Found a broken altar of Ashenzari.
  2657 | D:2      | Reached skill level 6 in Long Blades
  2657 | D:2      | Reached XP level 6. HP: 48/51 MP: 6/6
  2784 | D:2      | Noticed Terence
  2785 | D:2      | Reached skill level 1 in Stealth
  2799 | D:2      | Killed Terence
  3288 | D:3      | Noticed Ijyb
  3316 | D:3      | Killed Ijyb
  3317 | D:3      | Reached skill level 1 in Polearms
  3922 | D:4      | Found a glowing drain.
  3926 | Sewer    | Entered a sewer
  4037 | Sewer    | Reached *** piety under Trog
  4058 | Sewer    | Reached XP level 7. HP: 16/56 MP: 7/7
  4483 | Sewer    | Reached **** piety under Trog
  4672 | D:4      | Noticed Grinder
  4674 | D:4      | Paralysed by Grinder for 3 turns
  4675 | D:4      | HP: 2/51 [adder (3)]
  4676 | D:4      | Succumbed to an adder's poison

Illustrated notes

Levels and vault maps discovered:
D:1:      dpeg_arrival_three_bigger_balls, layout_basic, serial_shops,
          shop_coins, ebering_ecumenical_altar_mist, minmay_strange_pillars
D:2:      layout_basic, basic_altar, uniq_terence, uniq_sigmund
D:3:      layout_basic, minmay_misc_feat_roman, uniq_ijyb
D:4:      layout_loops_ring, lemuel_doored_altar,
          mainiacjoe_overflow_divided_tiny, gup_sewer_entry_bowl,
          nicolae_shop_i_like_big_books, serial_bayou_lagoon_a, uniq_grinder

Skill      XL: |  1  2  3  4  5  6  7 |
---------------+----------------------+-----
Fighting       | 4 5 |  5.5
Long Blades    | 4 5 6 |  6.1
Dodging        | 3 |  3.9
Stealth        | 1 |  1.5
Polearms       | 2 3 |  3.1
Armour         | |  2.5

Action                   |  1- 3 |  4- 6 |  7- 9 || total
-------------------------+-------+-------+-------++-------
Melee: Falchion          |   148 |     2 |       ||   150
       Punch             |     1 |       |       ||     1
       Halberd           |       |   126 |    69 ||   195
Invok: Berserk           |     1 |     1 |       ||     2
  Use: Scroll            |       |     4 |     6 ||    10
 Stab: Sleeping          |     1 |     3 |       ||     4
       Distracted        |       |     1 |       ||     1
Armor: Animal skin       |    40 |    59 |    45 ||   144
Dodge: Dodged            |   102 |   179 |    83 ||   364
